 Dungeon Crawl Stone Soup version 0.29.0-13-gc9e81de378 (webtiles) character file.

Game seed: 9243334564464324972

38 trckry the Sneak (level 3, -8/27 HPs)
             Began as a Vampire Wanderer on Sept 7, 2022.
             Mangled by Sigmund
             ... wielding a +0 scythe
              (10 damage)
             ... on level 2 of the Dungeon.
             The game lasted 00:05:17 (1122 turns).

trckry the Sneak (Vampire Wanderer)                 Turns: 1122, Time: 00:05:17

Health: -8/27      AC:  4    Str:  9    XL:     3   Next: 25%
Magic:  4/5        EV: 11    Int: 17    God:
Gold:   63         SH:  0    Dex: 14    Spells: 3/4 levels left

rFire   . . .      SeeInvis +   a - +0 hand axe
rCold   . . .      Faith    .   (no shield)
rNeg    . . .      Spirit   .   d - +0 robe
rPois   .          Reflect  .   b - +0 helmet
rElec   .          Harm     .   (no cloak)
rCorr   .          Rampage  .   (no gloves)
Will    .....                   i - +0 pair of boots
Stlth   +.........              (no amulet)
HPRegen 0.29/turn               (no ring)
MPRegen 0.09/turn               (no ring)

@: confused, healing quickly
A: alive, fangs 3, see invisible, vampiric 2
a: Exsanguinate


You were on level 2 of the Dungeon.
You visited 1 branch of the dungeon, and saw 2 of its levels.

You collected 63 gold pieces.

Inventory:

Hand Weapons
 a - a +0 hand axe (weapon)
Armour
 b - a +0 helmet (worn)
 d - a +0 robe (worn)
 i - a +0 pair of boots (worn)
Potions
 c - a potion of mutation
 e - 6 potions of curing
 f - a potion of berserk rage {unknown}
 g - a potion of might {unknown}
 h - 2 potions of attraction {unknown}
 j - a potion of cancellation {unknown}
 k - a potion of degeneration {unknown}


   Skills:
 + Level 2.1 Fighting
 - Level 1.0 Throwing
 - Level 3.0 Stealth
 + Level 1.4 Spellcasting
 * Level 1.1 Conjurations
 * Level 2.8 Fire Magic
 - Level 1.0 Evocations


You had 3 spell levels left.
You knew the following spells:

 Your Spells              Type           Power      Damage    Failure   Level
a - Foxfire               Conj/Fire      28%        2x1d5     9%          1

Your spell library contained the following spells:

 Spells                   Type           Power      Damage    Failure   Level
 Scorch                   Fire           20%        2d6       10%         2
 Inner Flame              Hex/Fire       6%         N/A       34%         3


Dungeon Overview and Level Annotations

Branches:
Dungeon (2/15) Zot: 10875

Altars:

Shops:
D:1 *

Annotations:
D:2 Sigmund


Innate Abilities, Weirdness & Mutations

Your natural rate of healing is accelerated.
You have razor-sharp teeth.
You have supernaturally acute eyesight. (SInv)
You are afflicted with vampirism and can become a bat while bloodless.


Message History

You conjure some foxfire!
Sigmund closely misses you.
You now have 3/5 mp.
The foxfire hits Sigmund.
Sigmund is severely wounded.
The foxfire hits Sigmund but does no damage.
Sigmund is severely wounded.
Sigmund gestures at you while chanting.
You are confused.
You're too confused to cast spells.
Unknown command.
Unknown command.
Sigmund asks, "Do you like me?"
You're too confused to move!
Sigmund breathes a few words.
Sigmund's hands start flickering wildly.
You bump into the rock wall.
Sigmund completely misses you.
You bump into the rock wall.
Sigmund barely misses you.
You bump into the rock wall.
You're too confused to move!
You feel less confused. Sigmund closely misses you.
There is a stone staircase leading up here.
Sigmund gestures at you while chanting.
You are confused.
You bump into the rock wall.
You bump into the rock wall.
Sigmund casts a spell at you. The puff of flame hits you!
You take 7 damage, and have 9/27 hp.
MASSIVE DAMAGE!!
You bump into the rock wall.
Sigmund casts a spell at you.
You are more confused.
You bump into the rock wall.
Sigmund points at you and mumbles some strange words.
The magic dart hits you!
* * * LOW HITPOINT WARNING * * *
You take 8 damage, and have 1/27 hp.
MASSIVE DAMAGE!!
You bump into the rock wall.
Sigmund hits you from afar with a +0 scythe!
You die...

##.#.# #.#.#
#.#.# #.#.#
########.#.#
.....†.....#
########.###
###########.#
.......@.@..#
#############


You could see Sigmund (invisible).

Vanquished Creatures
  An adder (D:2)
  4 endoplasms (D:1)
  2 giant cockroaches (D:1)
  A hobgoblin (D:1)
  4 jackals (D:1)
  A kobold (D:1)
  A quokka (D:1)
  7 ball pythons
  A bat (D:1)
  A frilled lizard (D:1)
  A rat (D:1)
24 creatures vanquished.

Vanquished Creatures (others)
  53 foxfires
53 creatures vanquished.

Grand Total: 77 creatures vanquished

Notes
Turn   | Place    | Note
-------+----------+-------------------------------------------
     0 | D:1      | trckry the Vampire Wanderer began the quest for the Orb.
     0 | D:1      | trckry set off with the following items: a +0 dagger, a +0
                  | helmet, a potion of mutation, a +0 robe, a potion of
                  | curing; and the following spell memorised: Foxfire; and the
                  | following spells available to memorise: Scorch, Inner
                  | Flame.
     0 | D:1      | Reached XP level 1. HP: 16/16 MP: 2/2
    71 | D:1      | Found Qeihiv's Assorted Antiques.
   173 | D:1      | Reached XP level 2. HP: 22/22 MP: 0/3
   910 | D:1      | Reached skill level 1 in Conjurations
   944 | D:2      | Gained mutation: You are afflicted with vampirism and can
                  | become a bat while bloodless. [Vampire growth]
   944 | D:2      | Reached XP level 3. HP: 27/27 MP: 2/5
  1057 | D:2      | Noticed Sigmund
  1121 | D:2      | HP: 1/27 [Sigmund/magic dart (8)]
  1122 | D:2      | Mangled by Sigmund

Illustrated notes

Levels and vault maps discovered:
D:1:      heliophobic_arrival_battle_scene, layout_loops_cross, serial_shops,
          shop, kennysheep_crisscross, minivault_19
D:2:      layout_loops_ring, hellmonk_ecumenical_altar_arch_garden, uniq_sigmund

Skill      XL: |  1  2 |
---------------+-------+-----
Fighting       | 2 |  2.1
Conjurations   | 1 |  1.1
Throwing       | |  1.0
Stealth        | |  3.0
Spellcasting   | |  1.4
Fire Magic     | |  2.8
Evocations     | |  1.0

Action                   || total
-------------------------++-------
Melee: Dagger            ||    48
       Hand axe          ||     7
       Short sword       ||     6
       Bite              ||     4
 Cast: Foxfire           ||    33
 Stab: Sleeping          ||     2
Armor: Robe              ||    29
Dodge: Dodged            ||    85
